 Dungeon Crawl Stone Soup version 0.26-a0-850-g97a50ab700 (webtiles) character file.

Game seed: 704028542384143403

4459 mhtbhm the Basher (level 10, 0/61 HPs)
             Began as a Gargoyle Fighter on Nov 20, 2020.
             Was an Elder of Okawaru.
             Slain by an orc warrior
             ... wielding a +0 short sword
              (13 damage)
             ... on level 8 of the Dungeon.
             The game lasted 00:08:38 (6841 turns).

mhtbhm the Basher (Gargoyle Fighter)                Turns: 6841, Time: 00:08:39

Health: 0/61       AC: 19    Str: 23    XL:     10   Next: 37%
Magic:  10/10      EV:  7    Int:  9    God:    Okawaru [****..]
Gold:   218        SH: 11    Dex:  9    Spells: 9/9 levels left

rFire    . . .     SeeInvis .   a - +2 flail (drain)
rCold    . . .     Faith    .   c - +0 kite shield
rNeg     + + .     Spirit   .   b - +0 chain mail
rPois    ∞         Reflect  .   t - +0 helmet
rElec    +         Harm     .   (no cloak)
rCorr    .         Rampage  .   (no gloves)
MR       .....                  (no boots)
Stlth    ..........             (no amulet)
HPRegen  0.20/turn              i - ring of stealth
MPRegen  0.12/turn              z - ring of positive energy

@: mighty
A: negative energy resistance 1, electricity resistance, unbreathing,
petrification resistance, rot immunity, AC +7
a: Heroism, Renounce Religion


You were on level 8 of the Dungeon.
You worshipped Okawaru.
Okawaru was greatly pleased with you.
You visited 1 branch of the dungeon, and saw 8 of its levels.

You collected 419 gold pieces.
You spent 201 gold pieces at shops.

Inventory:

Hand Weapons
 a - a +2 flail of draining (weapon)
Armour
 b - a +0 chain mail (worn)
 c - a +0 kite shield (worn)
 t - a +0 helmet (worn)
Jewellery
 i - a ring of stealth (left hand)
 z - a ring of positive energy (right hand)
Wands
 g - a wand of random effects (13)
 u - a wand of iceblast (6)
 C - a wand of paralysis (7)
Scrolls
 e - 2 scrolls of enchant weapon
 f - 2 scrolls of amnesia
 h - a scroll of blinking
 l - 2 scrolls of teleportation
 o - 4 scrolls of magic mapping
 p - 3 scrolls of fear {unknown}
 r - 6 scrolls of remove curse {unknown}
 s - 3 scrolls of random uselessness {unknown}
 v - 3 scrolls of enchant armour {unknown}
 w - a scroll of immolation
 x - a scroll of identify
 y - a scroll of fog
 D - a scroll of noise {unknown}
Potions
 d - a potion of might
 j - 6 potions of curing
 k - a potion of heal wounds
 m - 2 potions of flight
 n - a potion of ambrosia
 q - 2 potions of attraction
 A - a potion of magic {unknown}
 B - a potion of degeneration {unknown}


   Skills:
 + Level 6.5 Fighting
 + Level 10.0 Maces & Flails
 + Level 7.0 Armour
 + Level 2.3 Dodging
 + Level 1.0 Stealth
 + Level 8.6 Shields
 + Level 0.6 Evocations


You had 9 spell levels left.
You didn't know any spells.
Your spell library contained the following spells:

 Spells                   Type           Power        Failure   Level
 Animate Skeleton         Necr           #.....       99%         1
 Beastly Appendage        Tmut           #.....       99%         1
 Pain                     Necr           #...         99%         1
 Wereblood                Tmut           #.......     100%        2
 Spider Form              Tmut/Pois      #.........   100%        3
 Vampiric Draining        Necr           #.........   100%        3
 Animate Dead             Necr           #.........   100%        4
 Ice Form                 Ice/Tmut       #.......     100%        4
 Agony                    Necr           #.......     100%        5
 Blade Hands              Tmut           #.........   100%        5


Dungeon Overview and Level Annotations

Branches:
Dungeon (8/15)             Temple (0/1) D:6            Lair (0/6) D:8

Altars:
Fedhas
Okawaru
Trog
Uskayaw
Xom

Shops:
D:5 (


Innate Abilities, Weirdness & Mutations

You are resistant to torment.
Your stone body is resilient. (AC +7)
You are immune to poison.
You resist negative energy. (rN+)
You are resistant to electric shocks. (rElec)
You can survive without breathing.
You are immune to petrification.
You are immune to rotting.


Message History

You barely miss the yak.
The yak is almost dead.
You block the yak's attack.
You completely miss the yak.
The yak is almost dead.
The yak closely misses you.
You barely miss the yak.
The yak is almost dead.
The yak gores you but does no damage.
You barely miss the yak.
The yak is almost dead.
You block the yak's attack.
You bludgeon the yak!!
You kill the yak!
Okawaru accepts your kill.
You feel better.
The orc warrior hits you but does no damage.
You barely miss the orc warrior.
The orc warrior hits you with a +0 short sword!
You die...

.####.........###.....##**,*
## #.(######.# #.>...# *,*
#####†.# ##.# #..<#.# *,*
....#..# #..####.#.## *,*
###....#####.....#.#.# *,*
...............†...#.# ***,*
######[#####.###.###.# *,,,*
######.# #.# #.# *.# *,***
#......# #.# #@# *.# *,*
#)###### #.# #o# *.# *,* ).#
#.# #o###.###.**** ###
#.###.#.......,,,*
##.##.†.....#*,**,* *****
#...........#*,**,*
*****,,,**#.P..P.P....#*,**,*
.....,*,,...PoP.P.....#,,**,*
#####,,,*#.......P....#,***,*


You could see an orc warrior and an orc.

Vanquished Creatures
  A two-headed ogre (D:8)
  Grinder (D:3)
  A yak (D:8)
  Eustachio (D:5)
  Menkaure (D:5)
  A water moccasin (D:8)
  An ice beast (D:5)
  2 orc warriors (D:7)
  A necrophage (D:7)
  2 phantoms
  A sky beast (D:6)
  5 ogres
  2 centaurs (D:7)
  3 bullfrogs
  6 scorpions
  2 howler monkeys (D:6)
  4 wights (D:8)
  A bullfrog zombie (D:5)
  A hound (D:8)
  4 orc priests
  2 jellies
  8 orc wizards
  A bullfrog skeleton (D:4)
  4 iguanas
  8 worker ants
  Ijyb (D:3)
  A hound zombie (D:7)
  A hound skeleton (D:4)
  A worker ant zombie (D:7)
  6 gnolls
  14 adders
  A shadow imp (D:5)
  A white imp (D:5)
  2 ufetubi
  An ooze (D:6)
  3 adder skeletons
  2 worms
  A dart slug (D:1)
  5 leopard geckos
  18 orcs
  8 giant cockroaches
  4 hobgoblins
  7 quokkas
  A ball python (D:1)
  7 bats
  4 frilled lizards (D:2)
  7 goblins
  7 kobolds
  A leopard gecko skeleton (D:8)
  A quokka skeleton (D:7)
  11 rats
180 creatures vanquished.

Vanquished Creatures (others)
  15 fungi (D:8)
  12 plants
27 creatures vanquished.

Grand Total: 207 creatures vanquished

Notes
Turn   | Place    | Note
-------+----------+-------------------------------------------
     0 | D:1      | mhtbhm the Gargoyle Fighter began the quest for the Orb.
     0 | D:1      | Reached XP level 1. HP: 14/14 MP: 1/1
   222 | D:1      | Reached XP level 2. HP: 19/19 MP: 2/2
   724 | D:2      | Reached XP level 3. HP: 24/24 MP: 3/3
  1369 | D:3      | Noticed Ijyb
  1376 | D:3      | Reached skill level 3 in Maces & Flails
  1388 | D:3      | Killed Ijyb
  1389 | D:3      | Reached XP level 4. HP: 29/29 MP: 4/4
  1526 | D:3      | Reached XP level 5. HP: 22/33 MP: 5/5
  1803 | D:3      | Noticed Grinder
  1826 | D:3      | Paralysed by Grinder for 7 turns
  1836 | D:3      | Killed Grinder
  1837 | D:3      | Reached skill level 4 in Maces & Flails
  1837 | D:3      | Reached skill level 1 in Dodging
  1837 | D:3      | Reached XP level 6. HP: 27/38 MP: 6/6
  2419 | D:4      | Reached skill level 5 in Shields
  2419 | D:4      | Reached XP level 7. HP: 27/44 MP: 7/7
  2784 | D:4      | Reached skill level 5 in Maces & Flails
  3120 | D:4      | Reached skill level 5 in Armour
  3227 | D:4      | Found an iron altar of Okawaru.
  3239 | D:4      | Became a worshipper of Warmaster Okawaru
  3375 | D:4      | Reached XP level 8. HP: 30/48 MP: 8/8
  3733 | D:5      | Entered Level 5 of the Dungeon
  3832 | D:5      | Found a blossoming altar of Fedhas.
  3883 | D:5      | Reached skill level 6 in Maces & Flails
  3988 | D:5      | Reached skill level 5 in Fighting
  4139 | D:5      | Found Uffoqyvu's Antique Weapon Shop.
  4144 | D:5      | Bought a glowing flail for 201 gold pieces
  4316 | D:5      | Reached * piety under Okawaru
  4512 | D:5      | Found a hide-covered altar of Uskayaw.
  4543 | D:5      | Noticed Eustachio
  4578 | D:5      | Killed Eustachio
  4579 | D:5      | Reached skill level 7 in Maces & Flails
  4814 | D:5      | Noticed Menkaure
  4819 | D:5      | Killed Menkaure
  4820 | D:5      | Reached XP level 9. HP: 52/54 MP: 9/9
  4914 | D:6      | Reached ** piety under Okawaru
  5005 | D:6      | Reached skill level 8 in Maces & Flails
  5234 | D:6      | Found a staircase to the Ecumenical Temple.
  5729 | D:7      | Reached skill level 1 in Stealth
  5973 | D:7      | Found a shimmering altar of Xom.
  6176 | D:7      | Reached *** piety under Okawaru
  6277 | D:7      | Reached skill level 9 in Maces & Flails
  6426 | D:7      | Found a bloodstained altar of Trog.
  6649 | D:8      | Reached XP level 10. HP: 60/60 MP: 10/10
  6806 | D:8      | Noticed a two-headed ogre
  6831 | D:8      | HP: 3/60 [two-headed ogre/+0 giant club (5)]
  6833 | D:8      | Killed a two-headed ogre
  6833 | D:8      | Reached **** piety under Okawaru
  6834 | D:8      | Reached skill level 10 in Maces & Flails
  6841 | D:8      | Slain by an orc warrior

Illustrated notes

Levels and vault maps discovered:
D:1:      psy_arrival_spokes, layout_loops_ring
D:2:      layout_loops_ring
D:3:      layout_basic, uniq_grinder, uniq_ijyb
D:4:      layout_gridville, okawaru_altar_gauntlet_db
D:5:      layout_loops_ring, fedhas_ov_isle_minmay, serial_shops, shop,
          pf_just_have_faith, uniq_menkaure, uniq_eustachio
D:6:      layout_loops_ring, minmay_temple_entry_mini_moons
D:7:      layout_rooms, basic_altar, trog_butcher_becter
D:8:      gammafunk_beogh_shrine, layout_loops_ring,
          grunt_lair_entry_orc_guard_hut

Skill      XL: |  1  2  3  4  5  6  7  8  9 10 |
---------------+-------------------------------+-----
Maces & Flails | 3 4 5 7 9 10 | 10.0
Fighting       | 4 5 6 |  6.5
Shields        | 4 5 6 7 8 |  8.6
Armour         | 4 5 6 7 |  7.0
Dodging        | 1 2 |  2.3
Stealth        | 1 |  1.0
Evocations     | |  0.6

Action                   |  1- 3 |  4- 6 |  7- 9 | 10-12 || total
-------------------------+-------+-------+-------+-------++-------
Melee: Flail             |   128 |   120 |   576 |    80 ||   904
Evoke: Wand              |       |     3 |     4 |       ||     7
  Use: Scroll            |     3 |       |     4 |     5 ||    12
       Potion            |       |     1 |     3 |     3 ||     7
Armor: Scale mail        |    65 |    85 |    81 |       ||   231
       Chain mail        |       |       |   257 |    34 ||   291
Dodge: Dodged            |    42 |    38 |   163 |    17 ||   260
Block: Kite shield       |    64 |    65 |   314 |    42 ||   485

Table legend: (Time is in decaauts)
 A = Elapsed time spent in this place.
 B = Non-inter-level travel time spent in this place.
 C = Inter-level travel time spent in this place.
 D = Time resting spent in this place.
 E = Time spent auto-exploring this place.
 F = Levels seen in this place.
 G = Mean time per level.
                   A        B        C        D        E       F      G
               +--------+--------+--------+--------+--------+-----+--------+
         Total |   7000 |   6955 |     45 |    419 |   4805 |   8 |  875.0 |
       Dungeon |   7000 |   6955 |     45 |    419 |   4805 |   8 |  875.0 |
               +--------+--------+--------+--------+--------+-----+--------+

Top non-repeatable levels by time:
     D:4: 1513 daAuts
     D:5: 1158 daAuts
     D:7: 1065 daAuts
     D:3: 918 daAuts
     D:2: 748 daAuts
     D:6: 693 daAuts
     D:1: 661 daAuts
     D:8: 241 daAuts
